 Dungeon Crawl Stone Soup version 0.23.0 (webtiles) character file.

Game seed: 15692358029007184565

187 ernesto the Skirmisher (level 5, -2/50 HPs)
             Began as a Hill Orc Fighter on Feb 9, 2019.
             Killed from afar by an orc wizard (5 damage)
             ... with a magic dart
             ... on level 2 of the Dungeon.
             The game lasted 00:10:58 (3263 turns).

ernesto the Skirmisher (Hill Orc Fighter)           Turns: 3263, Time: 00:10:58

Health: -2/50      AC:  6    Str: 20    XL:     5   Next: 66%
Magic:  5/5        EV:  7    Int:  8    God:
Gold:   102        SH:  8    Dex: 10    Spells: 4/4 levels left

rFire    . . .     SeeInvis .   a - +0 war axe
rCold    . . .     Gourm    .   c - +0 shield
rNeg     . . .     Faith    .   b - +0 scale mail
rPois    .         Spirit   .   (no helmet)
rElec    .         Reflect  .   (no cloak)
rCorr    .         Harm     .   (no gloves)
MR       .....                  (no boots)
Stlth    ..........             (no amulet)
HPRegen  0.16/turn              (no ring)
MPRegen  0.09/turn              (no ring)

@: heavily drained
A: no striking features
a: no special abilities


You were on level 2 of the Dungeon.
You were hungry.

You visited 1 branch of the dungeon, and saw 4 of its levels.

You collected 102 gold pieces.

Inventory:

Hand Weapons
 a - a +0 war axe (weapon)
 r - a +2 hand axe of electrocution
Armour
 b - a +0 scale mail (worn)
 c - a +0 shield (worn)
Jewellery
 e - an uncursed ring of flight {unknown}
Scrolls
 h - 8 scrolls of identify {unknown}
 k - a scroll of random uselessness {unknown}
 l - a scroll of enchant weapon {unknown}
 n - a scroll of noise {unknown}
 s - a scroll of fear {unknown}
 u - a scroll of immolation {unknown}
Potions
 d - a potion of might
 g - 2 potions of heal wounds {unknown}
 i - a potion of resistance {unknown}
 j - a potion of mutation {unknown}
 m - a potion of degeneration {unknown}
 o - 2 potions of berserk rage {unknown}
 p - a potion of curing {unknown}
 q - a potion of haste {unknown}
 t - a potion of flight {unknown}
Comestibles
 f - 3 rations


   Skills:
 + Level 5.8(4.5) Fighting
 + Level 5.6(4.3) Axes
 - Level 3.2(2.0) Armour
 - Level 3.2(2.0) Shields


You had 4 spell levels left.
You didn't know any spells.
Your spell library was empty.

Dungeon Overview and Level Annotations

Branches:
Dungeon (4/15)
 Temple: D:4-7

Altars:

Annotations:
D:3 Sigmund, Terence


Message History

The orc wizard hits you with a +0 dagger.
You block the orc wizard's attack.
You hit the orc wizard.
The orc wizard is moderately wounded.
The orc wizard mumbles some strange words.
The orc wizard blinks!
The orc wizard points at you and mumbles some strange words.
The magic dart hits you!
* * * LOW HITPOINT WARNING * * *
You see here a +0 club.
You see here a +0 whip.
The orc wizard casts a spell at you. The magic dart hits you.
* * * LOW HITPOINT WARNING * * *
The orc wizard gestures at you while chanting.
The magic dart hits you!
* * * LOW HITPOINT WARNING * * *
The orc wizard gestures at you while chanting.
The magic dart hits you.
You die...

......# #.##### #.#....#
#.##.####.....# #......##
........#####.#####.#...#
...............).((....########
....)..(.#.#...####....# #...<#
#'##'###.#...)....#.)..# #.####
............>[....#....###.#
...#.#.#.#.#o######........#
.....#.#...#.)..@....#.#####
#..###.#############...#
.........# ##### ..####.#.# ..#
#.#.# ..# #.#.# ..####.#.#
.........# .#####.#.#


You could see an orc wizard.

Vanquished Creatures
  An orc priest (D:2)
  An iguana (D:3)
  4 adders (D:2)
  An ooze (D:1)
  2 worms
  2 dart slugs (D:2)
  4 leopard geckos
  8 orcs
  A giant cockroach (D:3)
  6 hobgoblins
  10 jackals
  A quokka (D:2)
  A ball python (D:2)
  6 bats
  A frilled lizard (D:2)
  5 goblins
  9 kobolds
  8 rats
71 creatures vanquished.

Notes
Turn   | Place    | Note
-------+----------+-------------------------------------------
     0 | D:1      | ernesto the Hill Orc Fighter began the quest for the Orb.
     0 | D:1      | Reached XP level 1. HP: 19/19 MP: 1/1
   298 | D:1      | Reached XP level 2. HP: 27/27 MP: 2/2
   578 | D:1      | Reached XP level 3. HP: 30/34 MP: 3/3
  1273 | D:2      | Found a faded altar of an unknown god.
  1453 | D:2      | Reached XP level 4. HP: 41/41 MP: 4/4
  1546 | D:2      | Reached skill level 5 in Fighting
  2035 | D:3      | Reached skill level 5 in Axes
  2035 | D:3      | Reached XP level 5. HP: 40/48 MP: 5/5
  2115 | D:3      | Noticed Terence
  2504 | D:3      | Noticed Sigmund
  3263 | D:2      | Killed from afar by an orc wizard

Skill      XL: |  1  2  3  4 |
---------------+-------------+-----
Axes           | 3 4 5 |  5.6
Fighting       | 4 5 |  5.8
Armour         | |  3.2
Shields        | |  3.2

Action                   |  1- 3 |  4- 6 || total
-------------------------+-------+-------++-------
Melee: War axe           |    80 |   174 ||   254
  Eat: Chunk             |     2 |     2 ||     4
       Ration            |       |     1 ||     1
Armor: Scale mail        |    53 |    96 ||   149
Dodge: Dodged            |    29 |    50 ||    79
Block: Shield            |    43 |    77 ||   120
